 Dungeon Crawl Stone Soup version 0.30-a0-218-gedb9141078 (webtiles) character file.

Game seed: 12413476312494695825

94 LnG the Caller (level 4, -1/24 HPs)
             Began as a Kobold Summoner on Oct 5, 2022.
             Slain by Sigmund
             ... wielding a +4 scythe of protection
              (9 damage)
             ... on level 3 of the Dungeon on Oct 6, 2022.
             The game lasted 00:05:33 (3471 turns).

LnG the Caller (Kobold Summoner)                    Turns: 3471, Time: 00:05:33

Health: -1/24      AC:  4    Str:  5    XL:     4   Next: 94%
Magic:  5/8        EV: 15    Int: 18    God:
Gold:   226        SH:  0    Dex: 15    Spells: 2/8 levels left

rFire   . . .      SeeInvis .    h - +0 dagger
rCold   . . .      Faith    .    (no shield)
rNeg    + . .      Spirit   .    a - +0 robe
rPois   .          Reflect  .    m - +1 helmet
rElec   .          Harm     .    e - scarf {+Inv}
rCorr   .          Rampage  .    (no gloves)
Will    .....                    (no boots)
Stlth   ++++......               (no amulet)
HPRegen 0.24/turn                d - ring of positive energy
MPRegen 0.11/turn                (no ring)

@: no status effects
A: small, no large weapons, nightstalker 3
a: Evoke Invisibility


You were on level 3 of the Dungeon.
You visited 1 branch of the dungeon, and saw 3 of its levels.

You collected 226 gold pieces.

Inventory:

Hand Weapons
 h - a +0 dagger (weapon)
Armour
 a - a +0 robe (worn)
 e - a scarf of invisibility (worn)
 m - a +1 helmet (worn)
Jewellery
 d - a ring of positive energy (left hand)
Scrolls
 c - 2 scrolls of teleportation {unknown}
 f - a scroll of immolation {unknown}
 i - 7 scrolls of identify {unknown}
 j - a scroll of magic mapping {unknown}
Potions
 b - a potion of magic
 g - 2 potions of invisibility {unknown}
 k - a potion of heal wounds {unknown}
 l - a potion of mutation {unknown}


   Skills:
 + Level 0.6 Fighting
 + Level 1.5 Short Blades
 + Level 3.0 Dodging
 * Level 4.0 Stealth
 + Level 2.8 Spellcasting
 + Level 4.6 Summonings


You had 2 spell levels left.
You knew the following spells:

 Your Spells              Type           Power      Damage    Failure   Level
a - Summon Small Mammal   Summ           76%        N/A       2%          1
b - Call Imp              Summ           19%        N/A       3%          2
c - Call Canine Familiar  Summ           19%        N/A       8%          3

Your spell library contained the following spells:

 Spells                   Type           Power      Damage    Failure   Level
 Summon Guardian Golem    Hex/Summ       10%        N/A       19%         3
 Summon Lightning Spire   Summ/Air       10%        N/A       54%         4


Dungeon Overview and Level Annotations

Branches:
Dungeon (3/15)

Altars:
Gozag
Makhleb
Okawaru

Annotations:
D:2 1 runed translucent door, Crazy Yiuf
D:3 Sigmund


Innate Abilities, Weirdness & Mutations

You are small and have problems with some larger weapons.
You are completely attuned to the shadows.


Message History

Your hound bites the orc but does no damage.
Your hound barely misses the orc.
The orc hits your hound with a +2 hand axe of venom!
Your hound barely misses the orc.
The orc closely misses your hound.
Your hound bites the orc.
The orc dies!
You start resting.
Your hound disappears in a puff of smoke!
Magic restored.
You start resting.
HP restored.
Things that are here:
a +0 whip; a +0 leather armour; an orc corpse
Things that are here:
a +2 hand axe of venom; a +0 ring mail
Found an escape hatch in the ceiling.
There is an escape hatch in the ceiling here.
You see here an orb of energy.
You now have 186 gold pieces (gained 7).
Found a club.
You now have 195 gold pieces (gained 9).
Found an opulent altar of Gozag.
You now have 214 gold pieces (gained 19).
You now have 226 gold pieces (gained 12).
Found a stone staircase leading down.
Found a plate armour.
You see here a +0 plate armour.
Sigmund the Dreaded comes into view.
He is wielding a +4 scythe of protection.
Found a scroll labelled NAOMUX JATOUTE.
The helpless Sigmund fails to defend himself.
You puncture Sigmund!
Sigmund is heavily wounded.
Sigmund hits you with a +4 scythe of protection!
Casting: Call Canine Familiar (quite dangerous; 8% risk of failure)
Confirm with . or Enter, or press ? or * to list all spells.
The spell is quite dangerous to miscast (8% risk of failure)!
Continue anyway?
Sigmund points at you and mumbles some strange words.
The magic dart hits you.
Sigmund hits you from afar with a +4 scythe of protection!
You die...

#[#....#
#.#
#.#....#
#.# #....#
#.#....#
#.# +.....
#.#....#
#.# #....#
#.# #.#
.#..$.###.#
#.#
.?........#
#.#
#....##..#
#.#
#..@.##..#
#.#
#....##..#
#.#
.....h@....
#.#
########..
#.## . #...
####


You could see Sigmund (ally target) and a friendly hound (summoned).

Vanquished Creatures
  Robin (D:2)
  An adder (D:2)
  A worm (D:2)
  An orc (D:3)
  2 endoplasms
  5 giant cockroaches
  6 goblins
  4 hobgoblins (D:2)
  3 jackals
  2 quokkas
  2 ball pythons (D:2)
  A bat (D:2)
  2 frilled lizards (D:2)
  6 kobolds
  A rat (D:2)
38 creatures vanquished.

Vanquished Creatures (collateral kills)
  3 orcs (D:3)
  2 bats (D:1)
  A giant cockroach (D:1)
  5 goblins
  2 hobgoblins (D:1)
  2 jackals (D:2)
  2 quokkas
  5 ball pythons
22 creatures vanquished.

Grand Total: 60 creatures vanquished

Notes
Turn   | Place    | Note
-------+----------+-------------------------------------------
     0 | D:1      | LnG the Kobold Summoner began the quest for the Orb.
     0 | D:1      | Reached XP level 1. HP: 10/10 MP: 3/3
   259 | D:1      | Reached XP level 2. HP: 15/15 MP: 1/5
   265 | D:1      | Learned a level 2 spell: Call Imp
   886 | D:1      | Found a faded altar of an unknown god.
  1336 | D:2      | Reached XP level 3. HP: 18/19 MP: 1/6
  1340 | D:2      | Learned a level 3 spell: Call Canine Familiar
  1470 | D:2      | Noticed Robin
  1478 | D:2      | Reached skill level 1 in Short Blades
  1513 | D:2      | Killed Robin
  1617 | D:2      | Reached XP level 4. HP: 24/24 MP: 3/7
  2204 | D:2      | Found a runed translucent door.
  2207 | D:2      | Noticed Crazy Yiuf
  2997 | D:3      | Found a burning altar of Makhleb.
  3043 | D:3      | Found an iron altar of Okawaru.
  3363 | D:3      | Found an opulent altar of Gozag.
  3465 | D:3      | Noticed Sigmund
  3471 | D:3      | Slain by Sigmund

Illustrated notes

Levels and vault maps discovered:
D:1:      ebering_trefoil_twist, layout_basic,
          nicolae_ecumenical_snake_handling, serial_park_tiny_1,
          chequers_serial_rivers_room_a
D:2:      layout_loops_ring, uniq_robin, uniq_crazy_yiuf_cottage
D:3:      layout_basic, mainiacjoe_overflow_chevrons,
          nicolae_gozag_cash_rules_everything_around_me,
          nicolae_tso_carved_into_rock, bloody_makhleb, uniq_sigmund

Skill      XL: |  1  2  3  4 |
---------------+-------------+-----
Stealth        | 3 4 |  4.0
Short Blades   | 1 |  1.5
Dodging        | 3 |  3.0
Fighting       | |  0.6
Spellcasting   | |  2.8
Summonings     | |  4.6

Action                   |  1- 3 |  4- 6 || total
-------------------------+-------+-------++-------
Melee: Unarmed           |    26 |       ||    26
       Dagger            |    55 |   108 ||   163
       Punch             |     1 |       ||     1
 Cast: Summon Small Mamm |    13 |       ||    13
       Call Imp          |    10 |     1 ||    11
       Call Canine Famil |     1 |     2 ||     3
 Stab: Sleeping          |     4 |    10 ||    14
Armor: Robe              |    15 |    16 ||    31
Dodge: Dodged            |    68 |    88 ||   156

Table legend: (Time is in decaauts)
 A = Elapsed time spent in this place.
 B = Non-inter-level travel time spent in this place.
 C = Inter-level travel time spent in this place.
 D = Time resting spent in this place.
 E = Time spent auto-exploring this place.
 F = Levels seen in this place.
 G = Mean time per level.
                   A        B        C        D        E       F      G
               +--------+--------+--------+--------+--------+-----+--------+
         Total |   3460 |   3310 |    150 |     74 |   2682 |   3 | 1153.3 |
       Dungeon |   3460 |   3310 |    150 |     74 |   2682 |   3 | 1153.3 |
               +--------+--------+--------+--------+--------+-----+--------+

Top non-repeatable levels by time:
     D:1: 1343 daAuts
     D:2: 1277 daAuts
     D:3: 839 daAuts
